 Dungeon Crawl Stone Soup version 0.23-a0-404-g0063841 (webtiles) character file.

1407 galech the Chopper (level 8, -6/61 HPs)
             Began as a Demonspawn Fighter on Nov 5, 2018.
             Was an Initiate of Okawaru (penitent).
             Mangled by an orc warrior
             ... wielding a +0 scimitar
             ... created by the fury of Okawaru
              (17 damage)
             ... on level 7 of the Dungeon.
             The game lasted 00:07:50 (5672 turns).

galech the Chopper (Demonspawn Fighter)             Turns: 5672, Time: 00:07:50

Health: -6/61      AC: 13    Str: 16    XL:     8   Next: 42%
Magic:  8/8        EV:  9    Int:  7    God:    Okawaru [*]
Gold:   256        SH: 10    Dex: 20    Spells: 7/7 levels left

rFire    . . .     SeeInvis .   a - +0 war axe
rCold    . . .     Gourm    +   c - +0 shield
rNeg     . . .     Faith    .   t - +0 chain mail
rPois    .         Spirit   .   (no helmet)
rElec    .         Reflect  .   (no cloak)
rCorr    .         Harm     .   r - +0 pair of gloves
MR       .....                  (no boots)
Stlth    ..........             y - amulet "Zuifezak" {Gourm Int-3 Dex+5}
HPRegen  0.20/turn              s - +4 ring of evasion
MPRegen  0.11/turn              (no ring)

@: no status effects
A: molten scales 2, demonic guardian 1, rot immunity
a: Renounce Religion


You were on level 7 of the Dungeon.
You worshipped Okawaru.
Okawaru was demanding penance.
You were very full.

You visited 2 branches of the dungeon, and saw 8 of its levels.

You collected 256 gold pieces.

Inventory:

Hand Weapons
 a - a +0 war axe (weapon)
Armour
 c - a +0 shield (worn)
 r - a +0 pair of gloves (worn)
 t - a +0 chain mail (worn)
Jewellery
 s - a +4 ring of evasion (left hand)
 y - the amulet "Zuifezak" (around neck) {Gourm Int-3 Dex+5}
   (You found it on level 5 of the Dungeon)

   [amulet of the gourmand]

   It allows you to eat raw meat even when not hungry.
   It affects your intelligence (-3).
   It affects your dexterity (+5).
 B - an uncursed amulet of guardian spirit
Wands
 v - a wand of iceblast (7)
 D - a wand of polymorph (6)
 E - a wand of digging (7)
Scrolls
 b - a scroll of enchant weapon
 h - 5 scrolls of teleportation
 l - a scroll of remove curse
 m - a scroll of blinking {unknown}
 n - 2 scrolls of random uselessness {unknown}
 p - 2 scrolls of immolation
 u - 2 scrolls of amnesia {unknown}
 x - 3 scrolls of magic mapping {unknown}
 C - 2 scrolls of identify
Potions
 d - a potion of resistance {unknown}
 e - a potion of curing
 g - a potion of flight {unknown}
 i - a potion of brilliance
 j - a potion of degeneration {unknown}
 k - a potion of invisibility {unknown}
 o - a potion of ambrosia {unknown}
 q - 2 potions of heal wounds {unknown}
 w - a potion of magic {unknown}
 z - a potion of mutation {unknown}
 A - a potion of agility {unknown}
Comestibles
 f - 6 rations


   Skills:
 + Level 4.8 Fighting
 + Level 6.8 Axes
 + Level 4.5 Armour
 + Level 1.8 Dodging
 + Level 0.1 Stealth
 + Level 4.8 Shields


You had 7 spell levels left.
You didn't know any spells.
Your spell library was empty.

Dungeon Overview and Level Annotations

Branches:
Dungeon (7/15)             Temple (1/1) D:5

Altars:
Ashenzari
Dithmenos
Fedhas
Gozag
Kikubaaqudgha
Makhleb
Nemelex Xobeh
Okawaru
Qazlal
Ru
Vehumet
Wu Jian
Xom
Zin
The Shining One

Shops:
D:4 [

Annotations:
D:5 3 runed doors, nht's ghost, novice TrFi


Innate Abilities, Weirdness & Mutations

You are mostly covered in molten scales. (AC +3)
A weak demonic guardian rushes to your aid.
You are immune to rotting.


Message History

Your white imp gestures at the orc warrior.
The puff of frost hits the orc warrior.
The orc priest hits you but does no damage.
You block the bullfrog skeleton's attack.
You block the orc warrior's attack.
You slash the orc priest!
The orc priest is almost dead.
You hit the orc priest.
Your shield and chain mail prevent you from hitting the orc priest.
Your shield and chain mail prevent you from hitting the bullfrog skeleton.
You hit the orc warrior.
The bullfrog skeleton hits you but does no damage.
The orc priest invokes the aid of Okawaru against you.
Pain shoots through your body!
* * * LOW HITPOINT WARNING * * *
Your white imp hits the orc priest.
Your white imp freezes the orc priest.
Your white imp hits the orc warrior.
Your white imp freezes the orc warrior.
You block the orc priest's attack.
The orc warrior hits you with a +0 scimitar!
You die...

.##.........#####...#...#
.######.##### #.##.##[#
.# #># #.##.##.#
.######.# ###.##.##.#
........# #......##.#
######.. #.#.#####.#
#.#.......# #5#o#######
### ###o@o5## ..+
+..oZC..# ### ###..o.##
#.#.## #o### #...# #+#
###.# #.# #.# #.# #.#


You could see a cyclops, an orc warrior, 3 orc priests, 2 orcs, a bullfrog
skeleton and 2 friendly white imps.

Vanquished Creatures
  An ice beast (D:5)
  A phantom (D:6)
  A centaur (D:5)
  A scorpion (D:5)
  A quasit (D:4)
  2 jellies (D:6)
  2 bullfrog skeletons
  A centaur skeleton (D:5)
  2 hounds (D:6)
  3 orc priests
  4 orc wizards
  4 worker ants
  A hound zombie (D:6)
  3 hound skeletons
  A howler monkey zombie (D:6)
  3 gnolls (D:5)
  A howler monkey skeleton (D:5)
  6 adders
  A shadow imp (D:6)
  An ooze (D:3)
  An adder skeleton (D:7)
  4 worms
  4 dart slugs
  2 leopard geckos
  35 orcs
  2 giant cockroaches
  4 goblins
  8 hobgoblins
  2 jackals (D:1)
  6 kobolds
  3 quokkas
  8 bats
  7 frilled lizards
  A jackal zombie (D:5)
  A quokka skeleton (D:3)
  3 rats
131 creatures vanquished.

Vanquished Creatures (collateral kills)
  Eustachio (D:5)
  An ice beast (D:5)
  A bullfrog (D:6)
  A crimson imp (D:5)
  An orc wizard (D:6)
  A bullfrog skeleton (D:6)
  An orc (D:6)
7 creatures vanquished.

Grand Total: 138 creatures vanquished

Notes
Turn   | Place    | Note
-------+----------+-------------------------------------------
     0 | D:1      | galech the Demonspawn Fighter began the quest for the Orb.
     0 | D:1      | Reached XP level 1. HP: 18/18 MP: 1/1
   128 | D:1      | Reached skill level 2 in Axes
   168 | D:1      | Gained mutation: You are partially covered in molten
                  | scales. (AC +2) [demonic ancestry]
   168 | D:1      | Reached XP level 2. HP: 23/24 MP: 2/2
  1038 | D:2      | Reached XP level 3. HP: 29/29 MP: 3/3
  1658 | D:2      | Found a blossoming altar of Fedhas.
  1818 | D:3      | Reached skill level 3 in Axes
  1920 | D:3      | Reached XP level 4. HP: 28/35 MP: 4/4
  2631 | D:3      | Reached skill level 1 in Dodging
  2690 | D:3      | Gained mutation: You are mostly covered in molten scales.
                  | (AC +3) [demonic ancestry]
  2690 | D:3      | Reached XP level 5. HP: 5/41 MP: 5/5
  3304 | D:4      | Reached skill level 4 in Axes
  3376 | D:4      | Reached XP level 6. HP: 46/47 MP: 6/6
  3468 | D:4      | Found Gaploota's Antique Armour Shoppe.
  3665 | D:5      | Entered Level 5 of the Dungeon
  3702 | D:5      | Reached skill level 5 in Axes
  3713 | D:5      | Noticed Eustachio
  3715 | D:5      | Gained mutation: A weak demonic guardian rushes to your
                  | aid. [demonic ancestry]
  3715 | D:5      | Reached XP level 7. HP: 40/53 MP: 7/7
  3717 | D:5      | Found a runed gate.
  3717 | D:5      | Found a runed gate.
  3717 | D:5      | Found a runed gate.
  3733 | D:5      | Killed Eustachio
  3958 | D:5      | Reached skill level 6 in Axes
  4101 | D:5      | Got an ancient jade amulet
  4171 | D:5      | Noticed nht's ghost (novice TrFi)
  4316 | D:5      | Found a staircase to the Ecumenical Temple.
  4556 | Temple   | Entered the Ecumenical Temple
  4606 | Temple   | Became a worshipper of Warmaster Okawaru
  4607 | Temple   | Identified the amulet "Zuifezak" {Gourm Int-3 Dex+5} (You
                  | found it on level 5 of the Dungeon)
  4704 | D:6      | Gained mutation: You are immune to rotting. [demonic
                  | ancestry]
  4704 | D:6      | Reached XP level 8. HP: 51/60 MP: 8/8
  5620 | D:7      | Was placed under penance by Okawaru
  5670 | D:7      | Noticed a cyclops
  5672 | D:7      | Mangled by an orc warrior

Vault maps used:
D:1:      tarquinn_simple_flora_water_b, serial_bayou_pond_d
D:2:      fedhas_altar_4
D:3:      first_ration
D:4:      serial_shops, shop_statue
D:5:      temple_hall, portal_sewer_entry_e, gammafunk_ghost_split,
          uniq_eustachio
D:6:      chequers_serial_rivers_large_a, kennysheep_generic_room_12
D:7:      chequers_temple_overflow_statue_of_worship, lemuel_round_altar,
          serial_shops, nicolae_shop_waterfront, uniq_joseph
Temple:   kb_temple_of_zot

Skill      XL: |  1  2  3  4  5  6  7 |
---------------+----------------------+-----
Axes           | 2 3 4 5 6 |  6.8
Shields        | 3 4 |  4.8
Armour         | 3 4 |  4.5
Dodging        | 1 |  1.8
Fighting       | 4 |  4.8
Stealth        | |  0.1

Action                   |  1- 3 |  4- 6 |  7- 9 || total
-------------------------+-------+-------+-------++-------
Melee: War axe           |   167 |   188 |   187 ||   542
  Use: Potion            |     2 |     1 |     1 ||     4
       Scroll            |       |     4 |     1 ||     5
  Eat: Chunk             |     3 |     7 |    10 ||    20
       Ration            |       |       |     1 ||     1
Armor: Scale mail        |    96 |       |       ||    96
       Chain mail        |       |   103 |   109 ||   212
Dodge: Dodged            |    59 |    67 |    51 ||   177
Block: Shield            |    81 |    90 |   109 ||   280

Table legend:
 A = Non-vault XP
 B = Vault XP
 C = Vault XP percentage of total XP
 D = Non-vault monster count
 E = Vault monster count
 F = Vault count percentage of total count
                 A         B        C        D         E       F
            +---------+---------+-------+---------+---------+-------
      Total |    1885 |     126 |   6.3 |     137 |       1 |   0.7
            +---------+---------+-------+---------+---------+-------
        D:1 |      32 |       0 |   0.0 |      17 |       0 |   0.0
        D:2 |      23 |       0 |   0.0 |      13 |       0 |   0.0
        D:3 |     187 |       0 |   0.0 |      41 |       0 |   0.0
        D:4 |     287 |       0 |   0.0 |      16 |       0 |   0.0
        D:5 |     744 |     126 |  14.5 |      26 |       1 |   3.7
        D:6 |     482 |       0 |   0.0 |      16 |       0 |   0.0
        D:7 |     130 |       0 |   0.0 |       8 |       0 |   0.0
            +---------+---------+-------+---------+---------+-------
